 Dungeon Crawl Stone Soup version 0.18-a0-1560-ge216ca8 (webtiles) character file.

33 Gorice the Grave Robber (level 3, 0/24 HPs)
             Began as a Demonspawn Necromancer on Mar 12, 2016.
             Slain by an adder (2 damage)
             ... on level 2 of the Dungeon.
             The game lasted 00:03:56 (968 turns).

Gorice the Grave Robber (Demonspawn Necromancer)     Turns: 968, Time: 00:03:56

Health: 0/24       AC:  2    Str:  8    XL:     3   Next: 12%
Magic:  0/6        EV: 12    Int: 17    God:
Gold:   113        SH:  0    Dex: 13    Spells: 2 memorised, 4 levels left

rFire  . . .     SeeInvis .     (no weapon)
rCold  . . .     Gourm    .     a - +0 robe
rNeg   . . .     Faith    .     (no shield)
rPois  .         Spirit   .     (no helmet)
rElec  .         Dismiss  .     (no cloak)
rCorr  .         Reflect  .     (no gloves)
SustAt .         Harm     .     (no boots)
MR     .....                    (no amulet)
Stlth  ++........               (no ring)
                                (no ring)

@: lethally poisoned (0 -> -9), very slightly contaminated, not resistant to
hostile enchantments, unstealthy
A: powered by pain 1
a: no special abilities


You were on level 2 of the Dungeon.
You were hungry.

You visited 1 branch of the dungeon, and saw 2 of its levels.

You collected 113 gold pieces.

Inventory:

Hand Weapons
 g - a +0 club
 q - a +0 spear
 r - a +0 whip
Missiles
 j - 30 sling bullets
 m - 11 poisoned needles
Armour
 a - a +0 robe (worn)
 s - a +0 ring mail
Scrolls
 i - a scroll of fog {unknown}
 o - a scroll of fear {unknown}
Potions
 d - a potion of flight {unknown}
 e - a potion of magic {unknown}
 h - 3 potions of curing
 k - 2 potions of resistance {unknown}
 l - 2 potions of mutation {unknown}
 n - a potion of heal wounds {unknown}
 p - a potion of ambrosia {unknown}
Books
 b - a book of Necromancy
Comestibles
 c - 4 bread rations {!e}
 f - 4 meat rations {!e}


   Skills:
 - Level 1.7 Dodging
 - Level 1.7 Stealth
 + Level 2.2 Spellcasting
 * Level 5.4 Necromancy


You had 4 spell levels left.
You knew the following spells:

 Your Spells              Type           Power        Failure   Level  Hunger
a - Pain                  Necr           ###.         2%          1    #......
b - Animate Skeleton      Necr           N/A          2%          1    #......


Dungeon Overview and Level Annotations

Branches:
Dungeon (2/15)

Altars:
Nemelex Xobeh


Innate Abilities, Weirdness & Mutations

You sometimes gain a little power by taking damage.


Message History

Casting: Pain
Confirm with . or Enter, or press ? or * to list all spells.
Aiming: Pain
Press: ? - help, Shift-Dir - straight line, f/p - adder
Aim: an adder (lightly wounded, chance to defeat MR: 85%)
The adder convulses in agony!
Damage: 1 (max 1)
Casting: Pain
Confirm with . or Enter, or press ? or * to list all spells.
Aiming: Pain
Press: ? - help, Shift-Dir - straight line, f/p - adder
Aim: an adder (moderately wounded, chance to defeat MR: 85%)
The adder convulses in agony!
The adder closely misses you.
Damage: 1 (max 1)
Casting: Pain
Confirm with . or Enter, or press ? or * to list all spells.
Aiming: Pain
Press: ? - help, Shift-Dir - straight line, f/p - adder
Aim: an adder (heavily wounded, chance to defeat MR: 85%)
The adder convulses in agony!
The adder bites you.
* * * LOW HITPOINT WARNING * * *
You are poisoned.
The adder poisons you!
Damage: 5 (max 5) Unknown command.
Casting: Pain
Confirm with . or Enter, or press ? or * to list all spells.
Aiming: Pain
Press: ? - help, Shift-Dir - straight line, f/p - adder
Aim: an adder (severely wounded, chance to defeat MR: 85%)
You miscast Pain.
You are very lightly contaminated with residual magic.
Nothing appears to happen.
You feel sick. The adder bites you.
* * * LOW HITPOINT WARNING * * *
The adder barely misses you.
Damage: 5 (max 5) Unknown command.
You closely miss the adder.
The adder is severely wounded.
The adder barely misses you.
You closely miss the adder.
The adder is severely wounded.
You feel sick. The adder bites you.
* * * LOW HITPOINT WARNING * * *
You are more poisoned.
The adder poisons you!
Damage: 5 (max 5)
* * * LOW HITPOINT WARNING * * *
You feel sick. The adder bites you.
You die...

####### ##.........#
#######..........############
........#.#.#.#..#...........
.............................
........#.#.#.#..#...........
.................#..........#
........#.#.#.#..............
...........S@....##########.#
........#.#.#.#..............
...?)##....................#.
.... #..###.###.#.........#.
... ##.###..###...........#.
.. +.......................
........##..###...##########.
.....#..##.## #...# #.
........##.# #...# #.


You could see an adder.

Vanquished Creatures
  An ooze (D:2)
  2 dart slugs
  2 giant geckos (D:1)
  3 bats (D:1)
  3 giant cockroaches (D:1)
  6 goblins
  4 giant newts
  A kobold (D:1)
22 creatures vanquished.

Notes
Turn   | Place    | Note
--------------------------------------------------------------
     0 | D:1      | Gorice the Demonspawn Necromancer began the quest for the Orb.
     0 | D:1      | Reached XP level 1. HP: 13/13 MP: 3/3
    11 | D:1      | Learned a level 1 spell: Animate Skeleton
   200 | D:1      | Gained mutation: You sometimes gain a little power by taking damage. [demonic ancestry]
   200 | D:1      | Reached XP level 2. HP: 14/19 MP: 0/5
   311 | D:1      | Reached skill level 5 in Necromancy
   882 | D:2      | Reached XP level 3. HP: 20/24 MP: 2/6
   891 | D:2      | Found a sparkling altar of Nemelex Xobeh.
   967 | D:2      | HP: 7/24 [poisoned by an adder]
   967 | D:2      | HP: 3/24 [adder (4)]
   968 | D:2      | Slain by an adder

Vault maps used:
D:1:      minmay_arrival_solitary_statue
D:2:      nemelex_xobeh_ov_fountains_minmay, first_bread, serial_glass,
          glass_columns_c, glass_columns_c, minmay_misc_feat_iff,
          nicolae_ru_path_of_blood

Skill      XL: |  1  2 |
---------------+-------+-----
Necromancy     | 5 |  5.4
Dodging        | |  1.7
Stealth        | |  1.7
Spellcasting   | |  2.2

Action                   || total
-------------------------++-------
Melee: Unarmed           ||     4
 Cast: Pain              ||    39
  Use: Scroll            ||     2

Table legend:
 A = Turns spent in this place as a percentage of turns spent in the entire game.
 B = Non-inter-level travel turns spent in this place as a percentage of non-inter-level travel turns spent in the entire game.
 C = Inter-level travel turns spent in this place as a percentage of turns spent in this place.
 D = Turns resting spent in this place as a percentage of non-inter-level travel turns spent in this place.
 E = Turns spent auto-exploring this place as a percentage of non-inter-level travel turns spent in this place.
 F = Non-inter-level travel turns spent in this place divided by the number of levels of this place that you've seen.
                   A       B       C       D       E      F
               +-------+-------+-------+-------+-------+----------------------
         Total | 100.0 | 100.0 |   0.3 |   1.6 |   6.3 | 182.5
       Dungeon | 100.0 | 100.0 |   0.3 |   1.6 |   6.3 | 182.5
               +-------+-------+-------+-------+-------+----------------------

Vault maps used:
D:1:      minmay_arrival_solitary_statue
D:2:      nemelex_xobeh_ov_fountains_minmay, first_bread, serial_glass,
          glass_columns_c, glass_columns_c, minmay_misc_feat_iff,
          nicolae_ru_path_of_blood
